 Dungeon Crawl Stone Soup version 0.31-a0-865-g3d5d91748a (webtiles) character file.

Game seed: 6192834096051690618

167 D12ThenQuit the Sneak (level 5, -1/37 HPs)
             Began as an Octopode Artificer on Oct 11, 2023.
             Slain by an orc wizard
             ... wielding a +0 dagger
              (4 damage)
             ... on level 4 of the Dungeon.
             The game lasted 00:05:03 (2605 turns).

D12ThenQuit the Sneak (Octopode Artificer)          Turns: 2605, Time: 00:05:04

Health: -1/37      AC:  2    Str:  9 (11) XL:     5   Next: 48%
Magic:  5/5        EV: 13    Int: 15 (16) God:
Gold:   219        SH:  0    Dex:  9 (12) Spells: 4/4 levels left

rFire   . . .        e - +0 quarterstaff
rCold   . . .        (shield currently unavailable)
rNeg    . . .        g - +1 hat
rPois   .            (no amulet)
rElec   .            (no ring)
rCorr   .            (no ring)
SInv    .            (no ring)
Will    +....        (no ring)
Stlth   ++++         (no ring)
HPRegen 0.26/turn    (no ring)
MPRegen 0.09/turn    (no ring)
                     (no ring)

%: no passive effects
@: enlightened, flying
A: almost no armour, amphibious, 8 rings, camouflage 1, gelatinous body 1,
(nimble swimmer 1), tentacles
a: no special abilities


You were on level 4 of the Dungeon.
You visited 1 branch of the dungeon, and saw 4 of its levels.

You collected 219 gold pieces.

Inventory:

Hand Weapons
 a - a +0 club
 e - a +0 quarterstaff (weapon)
 h - a +0 short sword of speed
Missiles
 n - 2 curare-tipped darts
Armour
 g - a +1 hat (worn)
Wands
 b - a wand of flame (15) (quivered)
 c - a wand of charming (15)
 d - a wand of iceblast (5)
Scrolls
 f - 2 scrolls of teleportation {unknown}
 i - a scroll of enchant armour {unknown}
 j - a scroll of poison {unknown}
 k - 9 scrolls of identify {unknown}
 l - a scroll of noise {unknown}
 q - 3 scrolls of fog {unknown}
 t - a scroll of enchant weapon {unknown}
Potions
 m - a potion of degeneration
 o - a potion of enlightenment
 p - a potion of heal wounds {unknown}
 r - a potion of curing
 s - a potion of lignification {unknown}


   Skills:
 + Level 3.9 Fighting
 - Level 2.3 Dodging
 - Level 5.0 Stealth
 - Level 3.2 Evocations


You had 4 spell levels left.
You didn't know any spells.
Your spell library was empty.

Dungeon Overview and Level Annotations

Branches:
Dungeon (4/15)
 Temple: D:4-7

Altars:
Makhleb

Annotations:
D:2 Sigmund
D:4 3 runed translucent doors, tabstorm's ghost, amateur AtMo


Innate Abilities, Weirdness & Mutations

You cannot wear most types of armour.
You are amphibious.
You can wear up to eight rings at the same time.
Your skin changes colour to match your surroundings (Stealth+).
Your rubbery body absorbs attacks. (AC +1, EV +1)
((You are camouflaged when in or above water. (Stealth+)))
You have tentacles for arms and can constrict up to eight enemies at once.


Message History

The orc wizard hits the plant with a +0 dagger.
The plant begins to die.
Something hits the plant.
The plant begins to die.
You feel sick.
The orc wizard hits the plant with a +0 dagger.
You miss something. Your squeeze misses something.
You feel less confused.
You feel sick.
The orc wizard hits the plant with a +0 dagger.
The plant begins to die.
Something hits you.
* * * LOW HITPOINT WARNING * * *
The orc wizard hits the plant with a +0 dagger.
Something completely misses the plant.
It was a potion of degeneration.
There was something very wrong with that liquid.
You feel weakened.
You feel dopey.
You feel clumsy.
You feel sick.
You hear some strange, mumbled words.
You are confused.
The orc wizard hits the plant with a +0 dagger. x2
Something hits the plant.
It was a potion of enlightenment.
You feel very buoyant.
You fly up into the air.
You feel sick.
A nearby plant withers and dies.
Something hits you but does no damage.
You are more poisoned.
Something hits the plant.
The plant begins to die.
Okay, then.
Unknown command.
It was a potion of curing.
You feel better.
A nearby plant withers and dies.
The orc wizard hits you but does no damage.
Something hits you.
The orc wizard hits the plant with a +0 dagger.
A nearby plant withers and dies.
You hear some strange, mumbled words.
A puff of flame appears from out of thin air!
The puff of flame hits you!
* * * LOW HITPOINT WARNING * * *
The orc wizard attacks as it pursues you!
The orc wizard hits you with a +0 dagger.
You die...

.#.#########..........#
...# #.##..####.## .###
#............ .#
#..P.PPPPP.P.# .#
#######..P.......P.# .#
......>..P.P...P.P.# .#
#######..P.P._.P.P.# ##
#..P.P...P.P.# ....#
#...o@.....P.## .....
#...{.PPPP.P..# .....
#...o.........## ###..
#.######<...รท..# ..#..
###.### #######.# ..#..#
#..{..# #
.W#..#####.###.##########.#
#.#..##....# #.o..o.......#
.g#.....##.###.###.....#..#


You could see 2 orc wizards.

Vanquished Creatures
  2 hounds (D:4)
  5 adders
  2 worms
  A dart slug (D:4)
  2 orcs (D:3)
  2 endoplasms
  3 giant cockroaches
  2 goblins
  12 hobgoblins
  4 jackals (D:2)
  2 quokkas
  5 ball pythons
  3 bats
  3 frilled lizards
  7 kobolds
  2 rats (D:1)
57 creatures vanquished.

Notes
Turn   | Place    | Note
-------+----------+-------------------------------------------
     0 | D:1      | D12ThenQuit the Octopode Artificer began the quest for the
                  | Orb.
     0 | D:1      | Reached XP level 1. HP: 13/13 MP: 1/1
   459 | D:1      | Reached skill level 2 in Stealth
   524 | D:1      | Reached XP level 2. HP: 18/18 MP: 2/2
   956 | D:2      | Reached skill level 3 in Stealth
   958 | D:2      | Reached XP level 3. HP: 22/24 MP: 3/3
  1014 | D:2      | Noticed Sigmund
  1130 | D:2      | Found a faded altar of an unknown god.
  1829 | D:3      | Reached XP level 4. HP: 15/30 MP: 4/4
  1970 | D:3      | Reached skill level 4 in Stealth
  2249 | D:3      | Noticed a phantom
  2251 | D:4      | Found a burning altar of Makhleb.
  2387 | D:4      | Reached XP level 5. HP: 36/36 MP: 5/5
  2470 | D:4      | Reached skill level 5 in Stealth
  2527 | D:4      | Noticed tabstorm's ghost (amateur AtMo)
  2529 | D:4      | Found a runed translucent gate.
  2529 | D:4      | Found a runed translucent gate.
  2529 | D:4      | Found a runed translucent gate.
  2605 | D:4      | Slain by an orc wizard

Illustrated notes

Levels and vault maps discovered:
D:1:      psy_arrival_radial02, layout_basic
D:2:      layout_basic, dreamdust_ecumenical_altar_grove, uniq_sigmund
D:3:      layout_loops_ring
D:4:      layout_loops_ring, mainiacjoe_overflow_cross_hatched,
          gammafunk_ghost_split, skrybe_limestone_x,
          minmay_a_box_with_orc_wizards_in_it

Skill      XL: |  1  2  3  4  5 |
---------------+----------------+-----
Stealth        | 2 3 4 5 |  5.0
Fighting       | 2 3 |  3.9
Dodging        | |  2.3
Evocations     | |  3.2

Action                     |  1- 3 |  4- 6 || total
---------------------------+-------+-------++-------
  Melee: Quarterstaff      |    75 |    37 ||   112
         Constrict         |    20 |    11 ||    31
         Tentacles         |    13 |    11 ||    24
         Club              |     1 |       ||     1
         Punch             |       |     1 ||     1
    Use: Potion            |       |     3 ||     3
   Stab: Sleeping          |     9 |     8 ||    17
 Armour: Skin              |    31 |    24 ||    55
  Dodge: Dodged            |    54 |    19 ||    73

Table legend: (Time is in decaauts)
 A = Elapsed time spent in this place.
 B = Non-inter-level travel time spent in this place.
 C = Inter-level travel time spent in this place.
 D = Time resting spent in this place.
 E = Time spent auto-exploring this place.
 F = Levels seen in this place.
 G = Mean time per level.
                   A        B        C        D        E       F      G
               +--------+--------+--------+--------+--------+-----+--------+
         Total |   2637 |   2586 |     51 |     85 |   1522 |   4 |  659.2 |
       Dungeon |   2637 |   2586 |     51 |     85 |   1522 |   4 |  659.2 |
               +--------+--------+--------+--------+--------+-----+--------+

Top non-repeatable levels by time:
     D:1: 997 daAuts
     D:2: 717 daAuts
     D:3: 561 daAuts
     D:4: 361 daAuts
